 Dungeon Crawl Stone Soup version 0.17-a0-1882-g750edc8 (webtiles) character file.

252 derrpe the Gusty (level 5, -4/31 HPs)
             Began as a High Elf Air Elementalist on Sept 22, 2015.
             Slain by a worker ant (8 damage)
             ... on level 5 of the Dungeon.
             The game lasted 00:17:04 (5556 turns).

derrpe the Gusty (High Elf Air Elementalist)        Turns: 5556, Time: 00:17:04

Health: -4/31      AC:  3    Str:  7    XL:     5   Next: 89%
Magic:  9/9        EV: 13    Int: 19    God:
Gold:   238        SH:  0    Dex: 16    Spells: 4 memorised, 0 levels left

rFire  . . .     SeeInvis .     a - +4 hunting sling
rCold  . . .     Clarity  .     l - +0 robe
rNeg   . . .     SustAt   .     (no shield)
rPois  .         Gourm    .     w - +0 helmet
rElec  .         Spirit   .     (no cloak)
rCorr  .         Warding  .     (no gloves)
rMut   .         Stasis   .     (no boots)
MR     .....                    (no amulet)
Stlth  ++........               (no ring)
                                (no ring)

@: lethally poisoned (-4 -> -8), flying, repel missiles, not resistant to
hostile enchantments, unstealthy
A: no striking features
a: no special abilities


You were on level 5 of the Dungeon.
You were hungry.

You visited 1 branch of the dungeon, and saw 5 of its levels.

You collected 238 gold pieces.

Inventory:

Hand weapons
 a - a +4 hunting sling (weapon)
 j - a +0 dagger
Missiles
 e - 6 sling bullets
 n - 61 stones (quivered)
Armour
 l - a +0 robe (worn)
 w - a +0 helmet (worn)
 y - a +0 ring mail
Magical staves
 b - an uncursed staff of cold
Magical devices
 u - a wand of draining (3)
Scrolls
 p - a scroll of identify {unknown}
 q - a scroll of enchant armour {unknown}
 r - a scroll of recharging {unknown}
 s - 2 scrolls of remove curse
 x - a scroll of amnesia {unknown}
Potions
 d - a potion of poison {unknown}
 f - a potion of ambrosia {unknown}
 g - a potion of agility {unknown}
 h - a potion of berserk rage {unknown}
 m - a potion of flight
 t - a potion of degeneration {unknown}
 v - a potion of beneficial mutation {unknown}
Books
 o - a book of Air

   Spells                             Type                      Level
   a - Shock                          Conjuration/Air              1
   b - Swiftness                      Charms/Air                   2
   c - Repel Missiles                 Charms/Air                   2
   d - Static Discharge               Conjuration/Air              3
   e - Lightning Bolt                 Conjuration/Air              5
Comestibles
 c - 4 bread rations {@e1}
 i - a meat ration {@e2}
 z - 5 fruits


   Skills:
 - Level 2.1 Dodging
 - Level 2.1 Stealth
 - Level 2.4 Spellcasting
 + Level 2.9 Conjurations
 + Level 7.4 Air Magic


You couldn't memorise any spells.
You knew the following spells:

 Your Spells              Type           Power        Failure   Level  Hunger
a - Shock                 Conj/Air       ###.         1%          1    #......
b - Repel Missiles        Chrm/Air       ###...       8%          2    ##.....
c - Swiftness             Chrm/Air       ###.....     8%          2    ##.....
d - Static Discharge      Conj/Air       ###.....     8%          3    ###....


Dungeon Overview and Level Annotations

Branches:
Dungeon (5/15)
 Temple: D:4-7

Altars:
Cheibriados


Message History

Press: ? - help, Shift-Dir - straight line, f/p - worker ant
Aim: a worker ant (almost dead)
You shoot a stone. The stone barely misses the worker ant.
You feel sick. The worker ant barely misses you.
You are too injured to fight recklessly!
Firing (i - inventory. (,) - cycle):
n - 62 stones (quivered)
Press: ? - help, Shift-Dir - straight line, f/p - worker ant
Aim: a worker ant (almost dead)
You shoot a stone.
The stone hits the worker ant but does no damage.
The worker ant is almost dead.
The worker ant bites you.
* * * LOW HITPOINT WARNING * * *
Drink which item? (? for menu, Esc to quit)
It was a potion of flight.
You feel very buoyant.
You fly up into the air.
* * * LOW HITPOINT WARNING * * *
You feel sick. The worker ant bites you!
You die... ######### #@a(....( #########

You could see a worker ant.

Vanquished Creatures
  A crocodile (D:4)
  A giant frog skeleton (D:4)
  Natasha (D:3)
  A worker ant (D:4)
  Robin (D:3)
  An adder (D:4)
  2 oozes
  3 worms
  3 giant geckos
  3 orcs
  A ball python (D:1)
  5 bats (D:1)
  5 giant cockroaches
  9 hobgoblins
  6 kobolds
  4 giant newts
  13 goblins
  4 jackals (D:3)
  A quokka (D:2)
  A quokka skeleton (D:4)
  5 rats
71 creatures vanquished.

Vanquished Creatures (others)
  A plant (D:3)
1 creature vanquished.

Grand Total: 72 creatures vanquished

Notes
Turn   | Place    | Note
--------------------------------------------------------------
     0 | D:1      | derrpe the High Elf Air Elementalist began the quest for the Orb.
     0 | D:1      | Reached XP level 1. HP: 11/11 MP: 4/4
   151 | D:1      | Reached skill level 4 in Air Magic
   536 | D:1      | Reached XP level 2. HP: 17/17 MP: 1/6
  1982 | D:1      | Reached skill level 5 in Air Magic
  2330 | D:2      | Reached XP level 3. HP: 21/21 MP: 3/7
  3259 | D:3      | Noticed Robin
  3279 | D:3      | Killed Robin
  3279 | D:3      | Reached skill level 6 in Air Magic
  3279 | D:3      | Reached XP level 4. HP: 15/27 MP: 0/8
  3655 | D:3      | Noticed Natasha
  3665 | D:3      | Killed Natasha
  3687 | D:3      | Learned a level 2 spell: Repel Missiles
  3690 | D:3      | Learned a level 2 spell: Swiftness
  4041 | D:4      | Noticed an ogre
  4137 | D:4      | Found a snail-covered altar of Cheibriados.
  4571 | D:4      | Noticed a crocodile
  4603 | D:4      | Killed a crocodile
  4603 | D:4      | Reached skill level 7 in Air Magic
  4603 | D:4      | Reached XP level 5. HP: 17/31 MP: 5/9
  5218 | D:4      | Noticed a phantom
  5238 | D:4      | Learned a level 3 spell: Static Discharge
  5349 | D:4      | Noticed an ogre
  5539 | D:5      | Entered Level 5 of the Dungeon
  5556 | D:5      | Slain by a worker ant

Vault maps used:
D:1:      lemuel_arrival_rhombus, hangedman_abyss_or_decor_lesser_grid,
          nrook_uturn, minivault_23
D:3:      wad_lake_hut, first_bread, uniq_natasha, uniq_robin
D:4:      cheibriados_altar_1
D:5:      basic_altar, yredelemnul_altar_generic, uniq_sigmund

Action                   |  1- 3 |  4- 6 || total
-------------------------+-------+-------++-------
Melee: Unarmed           |     1 |       ||     1
       Dagger            |    30 |       ||    30
       Hunting sling     |       |     2 ||     2
 Fire: Hunting sling     |    50 |    68 ||   118
 Cast: Shock             |    53 |    19 ||    72
       Swiftness         |       |     2 ||     2
       Repel Missiles    |       |     1 ||     1
Evoke: Wand              |       |     1 ||     1
  Use: Scroll            |     1 |     2 ||     3
       Potion            |       |     2 ||     2
 Stab: Distracted        |     1 |       ||     1
  Eat: Chunk             |     7 |     4 ||    11
       Beef jerky        |       |     2 ||     2
